 Dungeon Crawl Stone Soup version 0.27-a0-1065-ge809cff456 (webtiles) character file.

Game seed: 5713400293773725325

175 Gaff the Magician (level 5, -18/36 HPs)
             Began as a Djinni Air Elementalist on Apr 22, 2021.
             Was a Priest of Fedhas.
             Demolished by an ogre
             ... wielding a +0 giant club
              (23 damage)
             ... on level 3 of the Dungeon.
             The game lasted 00:12:21 (4499 turns).

Gaff the Magician (Djinni Air Elementalist)         Turns: 4499, Time: 00:12:22

Health: -18/36     AC:  4    Str:  7    XL:     5   Next: 55%
Gold:   191        EV: 11    Int: 17    God:    Fedhas [***...] SH:  4 Dex: 14

rFire    + + .     SeeInvis .   e - +0 rapier
rCold    x . .     Faith    .   n - +0 buckler
rNeg     . . .     Spirit   .   h - +0 leather armour
rPois    ∞         Reflect  .   d - +0 helmet
rElec    .         Harm     .   (no cloak)
rCorr    .         Rampage  .   (no gloves)
Will     .....                  (boots unavailable)
Stlth    ++........             (no amulet)
HPRegen  0.12/turn              (no ring)
MPRegen  0.00/turn              (no ring)

@: sluggish, flying, very slow
A: fire resistance 2, cold vulnerability 1, float, innate caster, hp casting,
extra vitality 1
a: Renounce Religion, Wall of Briars, Grow Ballistomycete


You were on level 3 of the Dungeon.
You worshipped Fedhas.
Fedhas was most pleased with you.
You visited 1 branch of the dungeon, and saw 3 of its levels.

You collected 191 gold pieces.

Inventory:

Hand Weapons
 c - a +0 dagger
 e - a +0 rapier (weapon)
Missiles
 m - 51 poisoned darts
Armour
 a - a +0 robe
 d - a +0 helmet (worn)
 h - a +0 leather armour (worn)
 i - a +2 chain mail of willpower
 n - a +0 buckler (worn)
Wands
 o - a wand of paralysis (9)
Scrolls
 b - 2 scrolls of enchant weapon {unknown}
 k - 2 scrolls of magic mapping {unknown}
 l - a scroll of teleportation {unknown}
 p - a scroll of torment {unknown}
 r - a scroll of identify {unknown}
Potions
 f - a potion of magic {unknown}
 g - a potion of haste {unknown}
 j - a potion of flight {unknown}
 q - 2 potions of curing {unknown}
 s - a potion of lignification {unknown}


   Skills:
 - Level 0.9 Fighting
 + Level 1.7 Armour
 - Level 2.3 Dodging
 - Level 1.6 Stealth
 + Level 1.2 Shields
 * Level 4.2 Spellcasting
 + Level 1.4 Invocations


You couldn't memorise any spells.
You knew the following spells:

 Your Spells              Type           Power      Damage    Failure   Level
a - Shock                 Conj/Air       68%        1d7       6%          1
b - Static Discharge      Conj/Air       17%        N/A       9%          2
c - Swiftness             Air            17%        N/A       17%         3
d - Airstrike             Air            8%         N/A       50%         4
e - Lightning Bolt        Conj/Air       8%         1d21      85%         5
f - Sandblast             Erth           34%        2d9       6%          1
g - Blink                 Tloc           N/A        N/A       9%          2
Your spell library was empty.

Dungeon Overview and Level Annotations

Branches:
Dungeon (3/15)

Altars:
Fedhas
Qazlal

Shops:
D:3 [


Innate Abilities, Weirdness & Mutations

You are immune to poison.
Your flesh is very heat resistant. (rF++)
You are vulnerable to cold. (rC-)
You float through the air rather than walking.
You learn spells naturally, not from books.
Your magical power is your life essence.
You have superior vitality. (+4 HP)


Message History

You see here a +0 dagger.
Aiming: Shock (safe; 6% risk of failure)
Press: ? - help, Q - select action, (/) - cycle Shift-Dir - straight line, f/p - ogre
Aim: an ogre, wielding a +0 giant club (moderately wounded, 86% to hit)
The zap hits the ogre.
The ogre is heavily wounded.
Aiming: Shock (safe; 6% risk of failure)
Press: ? - help, Q - select action, (/) - cycle Shift-Dir - straight line, f/p - ogre
Aim: an ogre, wielding a +0 giant club (heavily wounded, 86% to hit)
The zap hits the ogre.
The ogre is heavily wounded.
You start to feel a little slower.
Aiming: Shock (safe; 6% risk of failure)
Press: ? - help, Q - select action, (/) - cycle Shift-Dir - straight line, f/p - ogre
Aim: an ogre, wielding a +0 giant club (heavily wounded, 86% to hit)
The zap hits the ogre.
The ogre is severely wounded.
Aiming: Shock (safe; 6% risk of failure)
Press: ? - help, Q - select action, (/) - cycle Shift-Dir - straight line, f/p - ogre
Aim: an ogre, wielding a +0 giant club (severely wounded, 86% to hit)
The zap misses the ogre.
You feel sluggish.
The ogre hits you with a +0 giant club!!
Ouch! That really hurt!
* * * LOW HITPOINT WARNING * * *
The ogre closely misses you.
Casting: Shock (safe; 6% risk of failure)
Confirm with . or Enter, or press ? or * to list all spells.
You blink.
* * * LOW HITPOINT WARNING * * *
Casting: Blink (safe; 9% risk of failure)
Confirm with . or Enter, or press ? or * to list all spells.
You blink.
* * * LOW HITPOINT WARNING * * *
You start to feel a little faster.
The ogre barely misses you.
The ogre hits you with a +0 giant club!!
Ouch! That really hurt!
You die...
Fedhas appreciates your contribution to the ecosystem.

#######.#
#.#.##..#.......# #.#####
#.#.....#.....>.# #.....#
#)#####.#.....O.# #..##.#
#.......#.#
#..##.###########.#
#.....§.).........#
#######.###.#############
.......^..#....O.#
#######.#.######@# #.#.#
#.# #.#.# #.# #.#.# #.#
#.#.# #.# #†#.# #.# #.#.#
#.# #######.#.######.#
........#........#


You could see an ogre.

Vanquished Creatures
  An orc priest (D:3)
  An iguana (D:3)
  3 adders
  3 dart slugs
  7 orcs (D:3)
  12 ball pythons
  5 endoplasms
  2 giant cockroaches (D:1)
  4 goblins
  11 hobgoblins
  4 jackals
  4 quokkas
  3 bats
  5 frilled lizards
  3 kobolds
  6 rats
74 creatures vanquished.

Notes
Turn   | Place    | Note
-------+----------+-------------------------------------------
     0 | D:1      | Gaff the Djinni Air Elementalist began the quest for the
                  | Orb.
     0 | D:1      | Reached XP level 1. HP: 15/15 MP: 0/0
   182 | D:1      | Reached skill level 3 in Spellcasting
   203 | D:1      | Reached XP level 2. HP: 18/21 MP: 0/0
   387 | D:1      | Found a faded altar of an unknown god.
   390 | D:1      | Became a worshipper of Fedhas Madash
   390 | D:1      | Reached * piety under Fedhas
   946 | D:1      | Reached XP level 3. HP: 23/25 MP: 0/0
   946 | D:1      | Learned a level 1 spell: Sandblast
  2022 | D:2      | Reached ** piety under Fedhas
  2821 | D:2      | Reached XP level 4. HP: 25/31 MP: 0/0
  3376 | D:3      | Reached skill level 1 in Armour
  3377 | D:3      | Reached skill level 1 in Invocations
  3383 | D:3      | Reached skill level 1 in Shields
  3383 | D:3      | Reached skill level 4 in Spellcasting
  3383 | D:3      | Reached XP level 5. HP: 5/36 MP: 0/0
  3383 | D:3      | Learned a level 2 spell: Blink
  3750 | D:3      | Found Plog's Antique Armour Shoppe.
  3989 | D:3      | Found a stormy altar of Qazlal.
  4031 | D:3      | Reached *** piety under Fedhas
  4461 | D:3      | Noticed an ogre
  4499 | D:3      | Demolished by an ogre

Illustrated notes

Levels and vault maps discovered:
D:1:      dpeg_arrival_shrine, layout_basic, basic_ecumenical_altar
D:2:      minmay_razor_zed, layout_basic, hangedman_decor_opposing
D:3:      layout_basic, nicolae_qazlal_scattered_showers, serial_shops,
          shop_statue

Skill      XL: |  1  2  3  4 |
---------------+-------------+-----
Spellcasting   | 3 4 |  4.2
Armour         | 1 |  1.7
Invocations    | 1 |  1.4
Shields        | 1 |  1.2
Fighting       | |  0.9
Dodging        | |  2.3
Stealth        | |  1.6

Action                   |  1- 3 |  4- 6 || total
-------------------------+-------+-------++-------
Melee: Unarmed           |     7 |       ||     7
       Rapier            |     1 |     2 ||     3
 Cast: Shock             |    83 |    79 ||   162
       Swiftness         |     1 |     2 ||     3
       Static Discharge  |       |     1 ||     1
       Blink             |       |     6 ||     6
 Stab: Sleeping          |     1 |       ||     1
Armor: Robe              |     3 |     2 ||     5
       Leather armour    |       |     1 ||     1
Dodge: Dodged            |     5 |    11 ||    16
Block: Buckler           |       |     2 ||     2

Table legend: (Time is in decaauts)
 A = Elapsed time spent in this place.
 B = Non-inter-level travel time spent in this place.
 C = Inter-level travel time spent in this place.
 D = Time resting spent in this place.
 E = Time spent auto-exploring this place.
 F = Levels seen in this place.
 G = Mean time per level.
                   A        B        C        D        E       F      G
               +--------+--------+--------+--------+--------+-----+--------+
         Total |   4500 |   4320 |    180 |   1165 |   2566 |   3 | 1500.0 |
       Dungeon |   4500 |   4320 |    180 |   1165 |   2566 |   3 | 1500.0 |
               +--------+--------+--------+--------+--------+-----+--------+

Top non-repeatable levels by time:
     D:2: 1785 daAuts
     D:1: 1485 daAuts
     D:3: 1230 daAuts
